 Dungeon Crawl Stone Soup version 0.31.0-11-ge490571c62 (webtiles) character file.

Game seed: 4479293021389767368

62 James the Grave Robber (level 3, -1/20 HPs)
             Began as a Deep Elf Necromancer on Feb 9, 2024.
             Incinerated by a bombardier beetle (4 damage)
             ... with a burning spray
             ... on level 3 of the Dungeon.
             The game lasted 00:05:03 (2183 turns).

James the Grave Robber (Deep Elf Necromancer)       Turns: 2183, Time: 00:05:03

Health: -1/20      AC:  2    Str:  5    XL:     3   Next: 85%
Magic:  7/10       EV: 13    Int: 21    God:
Gold:   78         SH:  0    Dex: 15    Spells: 6/10 levels left

rFire   . . .        d - +0 short sword
rCold   . . .        (no shield)
rNeg    . . .        a - +0 robe
rPois   .            (no helmet)
rElec   .            (no cloak)
rCorr   .            (no gloves)
SInv    .            (no boots)
Will    .....        (no amulet)
Stlth   +            (no ring)
HPRegen 0.23/turn    (no ring)
MPRegen 0.12/turn

%: no passive effects
@: on fire, glowing
A: no striking features
a: no special abilities


You were on level 3 of the Dungeon.
You visited 1 branch of the dungeon, and saw 3 of its levels.

You collected 78 gold pieces.

Inventory:

Hand Weapons
 d - a +0 short sword (weapon)
   (You found it on level 1 of the Dungeon)
 f - a +0 dagger
   (You took it off a goblin on level 1 of the Dungeon)
 h - a +0 trident
   (You found it on level 1 of the Dungeon)
 t - a +0 sling
   (You found it on level 2 of the Dungeon)
Missiles
 m - 5 stones
 x - 3 poisoned darts
Armour
 a - a +0 robe (worn)
 j - a +0 ring mail
   (You found it on level 1 of the Dungeon)
 n - a +0 ring mail
   (You found it on level 2 of the Dungeon)
 p - a +0 ring mail
   (You found it on level 2 of the Dungeon)
 s - a +0 leather armour
   (You found it on level 2 of the Dungeon)
 u - a +0 ring mail
   (You found it on level 2 of the Dungeon)
 y - a +0 chain mail
   (You found it on level 3 of the Dungeon)
Scrolls
 c - 3 scrolls of teleportation {unknown}
 e - a scroll of summoning {unknown}
 g - a scroll of enchant weapon {unknown}
 i - 2 scrolls of amnesia {unknown}
 k - a scroll of immolation {unknown}
 q - 2 scrolls of identify {unknown}
 r - a scroll of poison {unknown}
 v - a scroll of blinking {unknown}
 w - a scroll of revelation {unknown}
Potions
 b - a potion of magic
 l - a potion of heal wounds {unknown}
 o - a potion of resistance {unknown}


   Skills:
 - Level 1.0 Fighting
 - Level 3.0 Dodging
 - Level 3.0 Stealth
 * Level 4.1 Spellcasting
 + Level 5.2 Necromancy


You had 6 spell levels left.
You knew the following spells:

 Your Spells              Type           Power      Damage    Failure   Level
a - Necrotise             Necr           100%       1d9       1%          1
q - Vampiric Draining     Necr           26%        2d7       4%          3

Your spell library contained the following spells:

 Spells                   Type           Power      Damage    Failure   Level
 Sublimation of Blood     Necr           26%        N/A       1%          2
 Apportation              Tloc           8%         N/A       12%         1
 Sting                    Conj/Alch      16%        1d4       12%         1
 Summon Small Mammal      Summ           16%        N/A       12%         1
 Animate Dead             Necr           26%        N/A       13%         4
 Curse of Agony           Necr           26%        N/A       36%         5
 Petrify                  Alch/Erth      4%         N/A       75%         4
 Irradiate                Conj/Alch      2%         3d12      97%         5


Dungeon Overview and Level Annotations

Branches:
Dungeon (3/15)

Altars:

Shops:
D:3 =


Message History

You pick up a book of Cantrips and begin reading...
You add the spells Sting, Summon Small Mammal and Apportation to your library.
y - a +0 chain mail
Okay, then.
Unknown command.
Found an escape hatch in the ceiling.
Found an escape hatch in the floor.
Found Junuj's Jewellery Emporium.
You now have 78 gold pieces (gained 13).
There is an escape hatch in the ceiling here.
There is an entrance to Junuj's Jewellery Emporium here.
A bombardier beetle comes into view.
The helpless bombardier beetle fails to defend itself.
You hit the bombardier beetle.
The bombardier beetle sprays incendiary fluid at you.
The burning spray hits you.
You are covered in liquid fire!
Press: ? - help, Shift-Dir - straight line, f - bombardier beetle
Aim: a bombardier beetle (lightly wounded, chance to affect: 83%)
The bombardier beetle writhes in agony.
The liquid fire burns you!
Press: ? - help, Shift-Dir - straight line, f/p - bombardier beetle
Aim: a bombardier beetle (heavily wounded, chance to affect: 83%)
The bombardier beetle writhes in agony!
The liquid fire burns you! The bombardier beetle bites you.
* * * LOW HITPOINT WARNING * * *
Press: ? - help, Shift-Dir - straight line, f/p - bombardier beetle
Aim: a bombardier beetle (almost dead, chance to affect: 83%)
The bombardier beetle writhes in agony.
You kill the bombardier beetle!
The liquid fire burns you!
* * * LOW HITPOINT WARNING * * *
An orc comes into view. It is wielding a +0 trident.
Training target 1.0 for Fighting reached!
Training target 3.0 for Dodging reached!
Training target 3.0 for Stealth reached!
Your Fighting skill increases to level 1!
Your Dodging skill increases to level 3!
Your Stealth skill increases to level 3!
Your Spellcasting skill increases to level 4!
You are covered in liquid fire.
You are glowing.
Your movement speed is average.
Your attack delay is about 1.0.
Your damage rating with your +0 short sword is about 5 (Base 5 x 112% (Dex) x 101% (Skill)).
Unknown command.
Unknown command.
Okay, then.
You shake off some of the fire as you move.
The liquid fire burns you!
You die...

#....#.##.#.......
##.#..>##.###.####
#.##.###.###.###
##.##............
..o.....∩......##
###.######.#####
#.# #.# #.######.#
#..@.....#
##########


There were no monsters in sight!

Vanquished Creatures
  A bombardier beetle (D:3)
  5 endoplasms
  2 goblins
  3 hobgoblins (D:1)
  2 jackals (D:2)
  2 quokkas (D:1)
  4 ball pythons
  A bat (D:2)
  A frilled lizard (D:1)
  A kobold (D:1)
  2 rats (D:1)
24 creatures vanquished.

Vanquished Creatures (collateral kills)
  A goblin (D:1)
1 creature vanquished.

Grand Total: 25 creatures vanquished

Notes
Turn   | Place    | Note
-------+----------+-------------------------------------------
     0 | D:1      | James the Deep Elf Necromancer began the quest for the Orb.
     0 | D:1      | Reached XP level 1. HP: 10/10 MP: 6/6
   165 | D:1      | Reached XP level 2. HP: 12/15 MP: 5/8
   822 | D:1      | Reached skill level 5 in Necromancy
  1491 | D:2      | Found a faded altar of an unknown god.
  2006 | D:3      | Reached XP level 3. HP: 20/20 MP: 10/10
  2112 | D:3      | Learned a level 3 spell: Vampiric Draining
  2158 | D:3      | Found Junuj's Jewellery Emporium.
  2183 | D:3      | Reached skill level 1 in Fighting
  2183 | D:3      | Incinerated by a bombardier beetle

Illustrated notes

Levels and vault maps discovered:
D:1:      saegor_arrival_simple_b, layout_basic, minmay_misc_feat_nine_boxes,
          amcnicky_mini_corridor_feature
D:2:      layout_loops_cross, hellmonk_ecumenical_altar_zigzags
D:3:      layout_loops_ring, gammafunk_temple_overflow_claw, serial_shops,
          nicolae_shop_crystal, nicolae_shop_industrial_runoff, shop, shop,
          kennysheep_generic_room_13

Skill      XL: |  1  2  3 |
---------------+----------+-----
Necromancy     | 5 |  5.2
Fighting       | 1 |  1.0
Dodging        | 3 |  3.0
Stealth        | 3 |  3.0
Spellcasting   | 4 |  4.1

Action                     || total
---------------------------++-------
  Melee: Short sword       ||    37
   Cast: Necrotise         ||    22
   Stab: Sleeping          ||     8
 Armour: Robe              ||    16
  Dodge: Dodged            ||    21
